 Dungeon Crawl Stone Soup version 0.30-a0-830-gfe289a77b0 (console) character file.

Game seed: 6872565037883149061

126492 jejorda2 the Impaler (level 16, -6/180 (207) HPs)
             Began as a Merfolk Berserker on Feb 28, 2023.
             Was a High Priest of Trog.
             Killed from afar by a jorogumo (39 damage)
             ... with a bolt of negative energy
             ... on level 2 of the Spider Nest.
             The game lasted 01:00:49 (28352 turns).

jejorda2 the Impaler (Merfolk Berserker)           Turns: 28352, Time: 01:00:50

HP:   -6/180 (207)  AC: 38    Str: 27 (29) XL:     16   Next: 98%
MP:   16/16         EV: 14    Int:  6      God:    Trog [*****.]
Gold: 1170          SH:  5    Dex: 19      Spells: 15/15 levels left

rFire   + . .      SeeInvis .    a - +5 glaive {heavy, rF+ Str+6}
rCold   + + .      Faith    .    (shield currently unavailable)
rNeg    . . .      Spirit   .    n - +11 chain mail of the Saviour {rPois}
rPois   +          Reflect  +    C - +1 helmet of Siowid {rPois rF- rC++ Dex+3}
rElec   .          Harm     .    u - +2 cloak
rCorr   +          Rampage  .    G - +2 pair of gloves
Will    +....                    K - +0 pair of boots Stlth
                                 r - amulet of reflection
HPRegen 0.50/turn                q - +4 ring of protection
MPRegen 0.15/turn                R - ring of Coraxar {rF+ rCorr}

@: berserking, heavily drained, very quick
A: (nimble swimmer 2), mertail
a: Renounce Religion, Berserk, Trog's Hand, Brothers in Arms


You were on level 2 of the Spider Nest.
You worshipped Trog.
Trog was extremely pleased with you.
You visited 4 branches of the dungeon, and saw 24 of its levels.
You also visited: Ice Cave.

You collected 2654 gold pieces.
You spent 1484 gold pieces at shops.

Inventory:

Hand Weapons
 a - the +5 glaive of the Foremost Souls (weapon) {heavy, rF+ Str+6}
   (Trog gifted it to you on level 5 of the Lair of Beasts)

   Str:       It affects your strength (+6).
   rF:        It protects you from fire.
 b - a +0 demon trident of flaming
 D - a +2 antimagic glaive
Missiles
 e - 200 stones
 s - a silver boomerang
 t - 26 boomerangs
 w - 6 boomerangs of dispersal
 z - 48 poisoned darts (quivered)
 I - 11 javelins
 V - a curare-tipped dart
 X - 3 atropa-tipped darts
Armour
 n - the +11 chain mail of the Saviour (worn) {rPois}
   (You found it on level 12 of the Dungeon)

   rPois:     It protects you from poison.
 u - a +2 cloak (worn)
 C - the +1 helmet of Siowid (worn) {rPois rF- rC++ Dex+3}
   (You found it on level 4 of the Lair of Beasts)

   Dex:       It affects your dexterity (+3).
   rF:        It makes you vulnerable to fire.
   rC:        It greatly protects you from cold.
   rPois:     It protects you from poison.
 G - a +2 pair of gloves (worn)
 K - a +0 pair of boots (worn)
Jewellery
 j - the ring of Zygotwesch {rN+ Int+3 Dex+2 SInv}
   (You found it on level 2 of the Lair of Beasts)

   [ring of see invisible]

   Int:       It affects your intelligence (+3).
   Dex:       It affects your dexterity (+2).
   rN:        It protects you from negative energy.
   SInv:      It lets you see invisible.
 q - a +4 ring of protection (left hand)
 r - an amulet of reflection (around neck)
 P - a ring of flight
 R - the ring of Coraxar (right hand) {rF+ rCorr}
   (You took it off a boggart on level 14 of the Dungeon)

   [ring of resist corrosion]

   rF:        It protects you from fire.
   rCorr:     It protects you from acid and corrosion.
 S - a ring of protection from fire
Wands
 c - a wand of mindburst (11)
 i - a wand of light (16)
 y - a wand of flame (80)
 L - a wand of paralysis (7)
 M - a wand of polymorph (19)
 O - a wand of iceblast (20)
 U - a wand of digging (11)
Scrolls
 g - 2 scrolls of magic mapping
 k - 3 scrolls of immolation
 m - a scroll of summoning
 o - 4 scrolls of fear
 A - 4 scrolls of blinking
 B - 9 scrolls of teleportation
 H - 3 scrolls of fog
 J - 2 scrolls of poison
 W - a scroll of identify
Potions
 f - 2 potions of invisibility
 h - 2 potions of mutation
 l - 5 potions of might
 p - 6 potions of attraction
 v - 4 potions of haste
 x - 11 potions of curing
 E - 2 potions of cancellation
 F - 4 potions of heal wounds
 Q - 5 potions of resistance
 T - a potion of flight
Miscellaneous
 d - a phial of floods
 N - a tin of tremorstones (2/2)


   Skills:
 - Level 16.0 Fighting
 - Level 20.0 Polearms
 + Level 13.9 Throwing
 + Level 11.0 Armour
 + Level 10.0 Dodging
 - Level 7.0 Evocations


You had 15 spell levels left.
You didn't know any spells.
Your spell library was empty.

Dungeon Overview and Level Annotations

Branches:
Dungeon (15/15)            Temple (0/1) D:6            Lair (5/5) D:11
 Shoals (0/4) Lair:3       Spider (2/4) Lair:3        Slime (0/5) Lair:4
    Orc (2/2) D:11            Elf (0/3) Orc:2        Vaults (0/5) D:14
 Depths (0/4) D:15          IceCv (visited)

Altars:
Ashenzari
Cheibriados
Hepliaklqana
Kikubaaqudgha
Makhleb
Qazlal
Sif Muna
Vehumet
Xom
Yredelemnul
Zin
Jiyva

Shops:
D:8 *   Orc:2 [[(*(

Portals:
Trove: D:10 (give 2 scrolls of acquirement)

Annotations:
Lair:1 1 runed translucent door, Pokonic1's ghost, novice GrFi
Lair:4 1 runed translucent door


Innate Abilities, Weirdness & Mutations

((You are very nimble when in or above water. (Stealth+, EV+, Speed+++)))
Your lower body shifts to a powerful aquatic tail in water.


Message History

You are too injured to fight recklessly!
You are too injured to fight recklessly!
You slice the jorogumo!!
The jorogumo is almost dead.
You feel yourself speed up. The jorogumo closely misses you.
The culicivora barely misses you. The redback barely misses you.
The jorogumo stares at you and mumbles some strange words.
The stream of webbing reflects off an invisible shield around you!
The stream of webbing hits the jorogumo but does no damage.
The culicivora closely misses you.
The redback bites you but does no damage.
The jumping spider leaps!
You hit the jorogumo but do no damage.
The jorogumo is almost dead.
The culicivora bites you!
* * * LOW HITPOINT WARNING * * *
The culicivora draws strength from your injuries!
The redback bites you.
* * * LOW HITPOINT WARNING * * *
The jorogumo completely misses you.
The jumping spider leaps!
The culicivora bites you but does no damage.
You block the redback's attack.
You miss the jorogumo.
The jorogumo is almost dead.
The jorogumo stares at you and mumbles some strange words.
The stream of webbing reflects off an invisible shield around you!
The stream of webbing misses the jorogumo.
You block the culicivora's attack. The redback bites you!
* * * LOW HITPOINT WARNING * * *
The jorogumo hits you but does no damage.
The jumping spider pounces on you but does no damage.
The jumping spider bites you but does no damage.
A red film seems to cover your vision as you go berserk!
You feel yourself moving faster!
You feel mighty! The culicivora closely misses you. The redback misses you.
The jumping spider misses you. The jumping spider barely misses you.
The jorogumo casts a spell at you. The bolt of negative energy hits you!!!
You feel drained.
You die...

#########################
.................^......##
...............sss.......#
..........##...H@#.##....##
...^...##..#...######.....##
......##...##.## ##.....#
#..####..###### ##.....#
..........# #......#
.........## #....###
..##...^## ##..### ..#######
#....# ..# ##...##


You could see a jorogumo, a culicivora, a jumping spider and a redback.

Vanquished Creatures
  Saint Roka (Orc:2)
  Rupert (D:15)
  Gastronok (D:8)
  Agnes (D:15)
  Donald (Orc:2)
  2 ghost moths
  A broodmother (Spider:2)
  Josephine (D:12)
  An entropy weaver (Spider:1)
  8 hydras
  Erolcha (Orc:2)
  2 radroaches
  8 centaur warriors
  5 boulder beetles
  A dancing weapon (Lair:2)
  5 two-headed ogres
  A tengu warrior (D:13)
  A death yak (Lair:2)
  2 orc high priests
  Urug (Lair:3)
  A deep elf knight (D:14)
  The ghost of lunkers the Fighter, a novice MeFi of Gozag (Lair:2)
  Amaemon (D:8)
  2 pharaoh ants
  2 orb spiders (Spider:2)
  A goliath frog (Lair:5)
  2 bog bodies (IceCv)
  11 wolf spider zombies
  2 wizards (D:15)
  2 necromancers
  5 deep elf pyromancers
  2 deep elf zephyrmancers (D:14)
  5 orc sorcerers
  7 ugly things
  3 steelbarb worms
  8 wolf spiders
  4 cyclopes
  6 elephants
  2 naga magi (D:15)
  4 manticores
  A black mamba (Lair:4)
  An ice statue (IceCv)
  25 cane toads
  2 centaur skeletons (D:15)
  3 gargoyles
  2 torpor snails
  A kobold demonologist (D:10)
  2 rime drakes (Lair:2)
  11 demonic crawlers (Spider:2)
  An unseen horror (D:12)
  An orange demon (D:8)
  Psyche (D:8)
  11 komodo dragons
  3 yaktaurs (D:14)
  6 redback zombies (Spider:1)
  An ice devil (IceCv)
  8 trolls
  A meliai (Lair:3)
  A wind drake (Lair:3)
  2 tyrant leeches (Lair:5)
  5 tarantellas
  2 hornets (D:7)
  7 tarantella zombies (Spider:1)
  3 polar bears
  23 blink frogs
  A dream sheep (Lair:4)
  6 culicivora zombies (Spider:1)
  4 wyverns
  A water elemental (D:11)
  3 jumping spiders
  A dire elephant simulacrum (IceCv)
  A vampire (D:10)
  15 slime creatures
  10 wraiths
  6 culicivoras
  39 yaks
  A hog (Lair:3)
  7 basilisks
  2 steam dragons (D:9)
  30 vampire mosquitoes
  6 redbacks
  Menkaure (D:7)
  2 harpy simulacra (IceCv)
  3 wargs (Orc:1)
  3 death yak simulacra (IceCv)
  A hydra simulacrum (IceCv)
  10 water moccasins
  2 ice beasts (D:6)
  26 orc warriors
  2 sky beasts
  A black bear (D:7)
  7 ogres
  27 wolves
  A boggart (D:14)
  13 centaurs
  3 phantoms
  5 kobold brigands
  3 necrophages
  4 two-headed ogre simulacra (IceCv)
  3 cane toad simulacra (IceCv)
  12 bullfrogs
  2 scorpions
  2 elephant simulacra (IceCv)
  11 killer bees
  4 howler monkeys
  A vampire bat (Orc:2)
  3 electric eels
  Crazy Yiuf (D:2)
  3 gnoll boudas
  23 orc priests
  6 hounds
  3 jellies
  31 orc wizards
  4 iguanas
  5 spriggan simulacra (IceCv)
  4 troll simulacra (IceCv)
  2 wolf simulacra (IceCv)
  Robin (D:2)
  8 gnolls
  10 adders
  5 naga simulacra (IceCv)
  A shadow imp (D:6)
  13 white imps
  9 ufetubi
  4 worms
  2 dart slugs
  96 orcs
  3 bat zombies (D:14)
  8 endoplasms
  5 giant cockroaches
  12 goblins
  10 hobgoblins
  3 jackals (D:1)
  15 kobolds
  4 quokkas
  5 ball pythons
  10 bats
  2 frilled lizards (D:1)
  9 rats
  2 rat zombies (D:14)
844 creatures vanquished.

Vanquished Creatures (collateral kills)
  A skyshark (Lair:5)
  An orc knight (Orc:2)
  4 orc warriors (Orc:2)
  A wolf (Lair:2)
  2 bullfrogs (Lair:5)
  An orc priest (Orc:2)
  2 orc wizards (Orc:2)
  6 white imps (Lair:5)
  10 orcs
28 creatures vanquished.

Vanquished Creatures (others)
  Kirke (Lair:3)
  A rime drake (Lair:3)
  A tarantella (Spider:1)
  An orc priest (Orc:2)
  An orc wizard (D:7)
  32 fungi
  110 plants
147 creatures vanquished.

Grand Total: 1019 creatures vanquished

Notes
Turn   | Place    | Note
-------+----------+-------------------------------------------
     0 | D:1      | jejorda2 the Merfolk Berserker began the quest for the Orb.
     0 | D:1      | Reached XP level 1. HP: 18/18 MP: 1/1
   115 | D:1      | Reached XP level 2. HP: 18/24 MP: 2/2
   229 | D:1      | Reached skill level 5 in Polearms
   232 | D:1      | Reached XP level 3. HP: 30/30 MP: 3/3
   412 | D:1      | Reached ** piety under Trog
   835 | D:2      | Found a faded altar of an unknown god.
   949 | D:2      | Noticed a phantom
   963 | D:2      | Killed a phantom
   964 | D:2      | Reached skill level 6 in Polearms
   964 | D:2      | Reached XP level 4. HP: 38/38 MP: 4/4
   964 | D:2      | Reached XP level 5. HP: 43/43 MP: 5/5
  1020 | D:2      | Found a runed translucent door.
  1021 | D:2      | Noticed Crazy Yiuf
  1031 | D:2      | Killed Crazy Yiuf
  1248 | D:2      | Reached skill level 7 in Polearms
  1369 | D:2      | Noticed Robin
  1384 | D:2      | Killed Robin
  1762 | D:3      | Reached XP level 6. HP: 45/50 MP: 6/6
  1842 | D:3      | Reached *** piety under Trog
  2037 | D:3      | Reached skill level 5 in Fighting
  2330 | D:4      | Reached skill level 8 in Polearms
  2354 | D:4      | Reached XP level 7. HP: 41/56 MP: 7/7
  2675 | D:4      | Found a glowing silver altar of Zin.
  2690 | D:4      | Found a shimmering blue altar of Sif Muna.
  2690 | D:4      | Found a hazy altar of Hepliaklqana.
  2690 | D:4      | Found a snail-covered altar of Cheibriados.
  2708 | D:4      | Identified the +3 leather armour of Limited Liability
                  | {rElec Int+3 Dex+2}
  2725 | D:4      | Found a basalt altar of Yredelemnul.
  2727 | D:4      | Found a stormy altar of Qazlal.
  3046 | D:5      | Entered Level 5 of the Dungeon
  3366 | D:5      | Reached skill level 9 in Polearms
  3427 | D:5      | Reached XP level 8. HP: 64/64 MP: 8/8
  4014 | D:5      | Reached skill level 10 in Polearms
  5022 | D:6      | Reached skill level 11 in Polearms
  5069 | D:6      | Found a broken altar of Ashenzari.
  5104 | D:6      | Found a staircase to the Ecumenical Temple.
  5330 | D:6      | Reached skill level 12 in Polearms
  5330 | D:6      | Reached XP level 9. HP: 69/69 MP: 9/9
  5439 | D:6      | Noticed a two-headed ogre
  5448 | D:6      | Killed a two-headed ogre
  5449 | D:6      | Reached skill level 13 in Polearms
  5483 | D:6      | Reached **** piety under Trog
  5862 | D:7      | Reached skill level 5 in Armour
  6062 | D:7      | Noticed a gargoyle
  6071 | D:7      | Killed a gargoyle
  6072 | D:7      | Reached skill level 14 in Polearms
  6135 | D:7      | Noticed a hornet
  6156 | D:7      | Paralysed by a hornet for 2 turns
  6160 | D:7      | Killed a hornet
  6161 | D:7      | Reached XP level 10. HP: 73/76 MP: 10/10
  6288 | D:7      | Paralysed by a hornet for 2 turns
  6293 | D:7      | Reached skill level 15 in Polearms
  6787 | D:7      | Noticed Menkaure
  6793 | D:7      | Killed Menkaure
  6936 | D:8      | Found Qivant's General Store.
  6944 | D:8      | Noticed Psyche
  6951 | D:8      | Killed Psyche
  7064 | D:8      | Noticed Amaemon
  7065 | D:8      | Noticed an orange demon
  7097 | D:8      | Killed Amaemon
  7098 | D:8      | Reached skill level 16 in Polearms
  7102 | D:8      | Killed an orange demon
  7478 | D:8      | Found a radiant altar of Vehumet.
  7519 | D:8      | Noticed Gastronok
  7537 | D:8      | Killed Gastronok
  7618 | D:8      | Reached XP level 11. HP: 81/84 MP: 11/11
  7633 | D:8      | Noticed a wolf spider
  8455 | D:9      | Reached skill level 17 in Polearms
  8536 | D:9      | Noticed a two-headed ogre
  8543 | D:9      | Killed a two-headed ogre
  8793 | D:9      | Found a burning altar of Makhleb.
  8793 | D:9      | Noticed a blizzard demon
  9284 | D:10     | Entered Level 10 of the Dungeon
  9587 | D:10     | Found a portal to a secret trove of treasure.
  9611 | D:10     | Noticed a two-headed ogre
  9620 | D:10     | Killed a two-headed ogre
  9701 | D:10     | Noticed a two-headed ogre
  9706 | D:10     | Killed a two-headed ogre
 10254 | D:10     | Noticed a manticore
 10262 | D:10     | Killed a manticore
 10263 | D:10     | Reached skill level 10 in Fighting
 10283 | D:11     | Reached skill level 5 in Throwing
 10439 | D:11     | Found a staircase to the Orcish Mines.
 10481 | D:11     | Reached XP level 12. HP: 90/98 MP: 12/12
 10729 | D:11     | Found a staircase to the Lair.
 10829 | D:11     | Reached skill level 18 in Polearms
 11313 | Lair:1   | Entered Level 1 of the Lair of Beasts
 12189 | Lair:1   | Found a runed translucent door.
 12189 | Lair:1   | Noticed Pokonic1's ghost (novice GrFi)
 12496 | Lair:2   | Noticed a death yak
 12551 | Lair:2   | Noticed a boulder beetle
 12567 | Lair:2   | Killed a boulder beetle
 12724 | Lair:2   | Killed a death yak
 12915 | Lair:2   | Reached skill level 19 in Polearms
 13003 | Lair:2   | Found a runed translucent door.
 13004 | Lair:2   | Found a shimmering altar of Xom.
 13004 | Lair:2   | Noticed lunkers's ghost (novice MeFi)
 13015 | Lair:2   | Reached XP level 13. HP: 108/108 MP: 13/13
 13018 | Lair:2   | Killed lunkers's ghost
 13022 | Lair:2   | Identified the ring of Zygotwesch {rN+ Int+3 Dex+2 SInv}
 13877 | Lair:3   | Found a staircase to the Shoals.
 13886 | Lair:3   | Reached skill level 20 in Polearms
 14171 | Lair:3   | Noticed Kirke
 14183 | Lair:3   | Reached skill level 1 in Evocations
 14187 | Lair:3   | Killed Kirke
 14188 | Lair:3   | Reached skill level 10 in Throwing
 14339 | Lair:3   | Found a hole to the Spider Nest.
 14518 | Lair:3   | Noticed Urug
 14526 | Lair:3   | Killed Urug
 15459 | Lair:4   | Found a runed translucent door.
 15459 | Lair:4   | Found a viscous altar of Jiyva.
 15460 | Lair:4   | Noticed an acid blob
 15461 | Lair:4   | Noticed an acid blob
 15461 | Lair:4   | Noticed an acid blob
 15462 | Lair:4   | Found a staircase to the Slime Pits.
 15462 | Lair:4   | Noticed an acid blob
 15536 | Lair:4   | Identified the +1 helmet of Siowid {rPois rF- rC++ Dex+3}
 16130 | Lair:4   | Reached XP level 14. HP: 110/115 MP: 14/14
 16352 | Lair:5   | Entered Level 5 of the Lair of Beasts
 16608 | Lair:5   | Reached skill level 5 in Evocations
 16647 | Lair:5   | Found a frozen archway.
 16706 | IceCv    | Entered an ice cave
 17140 | IceCv    | Reached ***** piety under Trog
 17729 | Lair:5   | Identified the +1 leather armour of the Battered Wonders
                  | {Dex+3}
 17925 | Lair:5   | Identified the +5 glaive of the Foremost Souls {heavy, rF+
                  | Str+6} (Trog gifted it to you on level 5 of the Lair of
                  | Beasts)
 17925 | Lair:5   | Received a gift from Trog
 19297 | D:12     | Noticed Josephine
 19303 | D:12     | Killed Josephine
 19429 | D:12     | Reached XP level 15. HP: 122/122 MP: 15/15
 19653 | D:12     | Identified the +11 chain mail of the Saviour {rPois}
 20572 | D:14     | Received a gift from Trog
 20597 | D:14     | Identified the ring of Coraxar {rF+ rCorr}
 21027 | D:14     | Found an ancient bone altar of Kikubaaqudgha.
 21354 | D:14     | Found a gate to the Vaults.
 21700 | D:15     | Entered Level 15 of the Dungeon
 21963 | D:15     | Reached skill level 5 in Dodging
 22052 | D:15     | Noticed Rupert
 22061 | D:15     | Killed Rupert
 22229 | D:15     | Noticed Agnes
 22236 | D:15     | Killed Agnes
 22553 | D:15     | Reached skill level 10 in Armour
 22639 | D:15     | Received a gift from Trog
 22720 | D:15     | Found a staircase to the Depths.
 23026 | Orc:1    | Entered Level 1 of the Orcish Mines
 23081 | Orc:2    | Entered Level 2 of the Orcish Mines
 23081 | Orc:2    | Found a staircase to the Elven Halls.
 23197 | Orc:2    | Noticed Donald
 23206 | Orc:2    | Killed Donald
 23410 | Orc:1    | Reached XP level 16. HP: 118/134 MP: 16/16
 23426 | Orc:1    | Received a gift from Trog
 23427 | Orc:1    | Reached skill level 15 in Fighting
 23895 | Orc:2    | Found Upal's Weapon Emporium.
 23943 | Orc:2    | Found Feablug's Overcharged Wands.
 23994 | Orc:2    | Noticed Erolcha
 24001 | Orc:2    | Killed Erolcha
 24172 | Orc:2    | Noticed Saint Roka
 24198 | Orc:2    | Killed Saint Roka
 24419 | Orc:2    | Found Peeph's Antique Weapon Emporium.
 24421 | Orc:2    | Found Jeiry's Antique Armour Shoppe.
 24712 | Orc:2    | Found Iher's Antique Armour Shoppe.
 24821 | Orc:2    | Bought a runed demon trident for 468 gold pieces
 24828 | Orc:2    | Bought a bloodstained chain mail for 323 gold pieces
 24828 | Orc:2    | Identified the +1 chain mail "Emouthry" {rF+} (You bought
                  | it in a shop on level 2 of the Orcish Mines)
 24855 | Orc:2    | Bought a wand of digging (11) for 693 gold pieces
 24924 | Orc:1    | You fall into a shaft and drop 1 floor!
 25444 | Spider:1 | Entered Level 1 of the Spider Nest
 26213 | Spider:1 | Received a gift from Trog
 28340 | Spider:2 | Reached skill level 10 in Dodging
 28352 | Spider:2 | Killed from afar by a jorogumo

Illustrated notes

Levels and vault maps discovered:
D:1:      erik_arrival_blinker_ship, layout_basic
D:2:      kb_forest_paths, layout_basic, dilly_ecumenical_altar_fadedgnrine,
          reono_crystal_passage, uniq_crazy_yiuf_cottage, uniq_robin
D:3:      layout_rooms, serial_rivers, chequers_serial_rivers_room_a,
          chequers_serial_rivers_micro_c, chequers_serial_rivers_small_a,
          chequers_serial_rivers_micro_e, grunt_decor_junction
D:4:      layout_basic, minmay_overflow_temple_hex
D:5:      layout_loops_ring, serial_co_window_serial, co_window_corner_a,
          co_window_of_opportunity_a, co_window_of_opportunity_a,
          co_window_paths_a, co_window_paths_b, co_window_paths_b,
          co_window_broadway_a, co_window_cross_4, co_window_2corner,
          co_window_corner_b, co_window_corner_b, co_window_broadway_b,
          co_window_sun, glass_columns_a, glass_columns_b, glass_columns_c,
          glass_columns_a, glass_columns_b
D:6:      layout_cave_pods, ashenzari_conservatory_becter, temple_fountains,
          grunt_ministairs_8
D:7:      layout_loops_cross, kennysheep_small_square, uniq_menkaure
D:8:      layout_layer_cave, mainiacjoe_overflow_alcove_4, serial_shops, shop,
          wad_dig_loot, uniq_psyche, uniq_amaemon, uniq_gastronok
D:9:      layout_irregular_city, makhleb_altar_promises_db, serial_column_ruins,
          column_ruins_pillar_1, column_ruins_pillar_3, column_ruins_pillar_1,
          column_ruins_pillar_9, column_ruins_pillar_1, column_ruins_pillar_2,
          column_ruins_pillar_1, column_ruins_pillar_1, column_ruins_pillar_6,
          column_ruins_pillar_4, column_ruins_pillar_4, column_ruins_pillar_1,
          column_ruins_pillar_12, column_ruins_pillar_4, column_ruins_pillar_7,
          column_ruins_pillar_7, column_ruins_pillar_3, st_stairs_8
D:10:     layout_gridville, nicolae_trove_entry_crossroad
D:11:     layout_roguey, erik_lair_island, orc_0_dummy
D:12:     layout_cave_pods, uniq_josephine
D:13:     layout_cave_pools
D:14:     layout_stronghold, hangedman_vaults_entry_quadrant_bands,
          serial_column_ruins, column_ruins_hut, column_ruins_grid_3,
          column_ruins_grid_1, column_ruins_grid_1, column_ruins_open_small,
          lemuel_zombie_altar_kikubaaqudgha
D:15:     grunt_enter_depths_magical_seal, layout_basic, nicolae_hexahallways,
          uniq_agnes, uniq_rupert
Lair:1:   layout_roguey, ebering_ghost_inner_flame,
          chequers_serial_rivers_small_3, infiniplex_staircase_pool_2,
          lemuel_fruit_tree
Lair:2:   beast_lair_carwin_large_2, layout_big_grid, ebering_ghost_xom
Lair:3:   layout_long_grid, minmay_shoals_entry_beasts,
          hellmonk_spider_entry_not_the_bees, grunt_megastairs_2,
          infiniplex_staircase_pool, lemuel_fruit_fields, serial_bayou_shore_a,
          uniq_kirke, uniq_urug
Lair:4:   layout_concentric_octagons, slime_entry_2, dreamdust_gnoll_shepherd,
          serial_bayou_shore_b, grunt_megastairs_1, serial_bayou_shore_b
Lair:5:   minmay_lair_end_frog_pond, layout_gridlike,
          portal_ice_cave_entry_imps, pdpol_lair_neglected_garden
Spider:1: lemuel_spider_zombies
Spider:2: layout_spider_delve, worms_lemuel
Orc:1:    layout_diamond_mine, rock_pile
Orc:2:    grunt_orc_community_town_hall, layout_caves,
          grunt_orc_community_big_house_1, grunt_orc_community_big_house_2,
          grunt_orc_community_house_1, grunt_orc_community_house_1,
          grunt_orc_community_house_1, grunt_orc_community_house_2,
          grunt_orc_community_house_3, roderic_batcave,
          nicolae_shop_overcharged_wands, uniq_erolcha, uniq_donald

Skill      XL: |  1  2  3  4  5  6  7  8  9 10 11 12 13 14 15 16 |
---------------+-------------------------------------------------+-----
Polearms       | 5 6 7 8 9 12 14 16 17 19 20 | 20.0
Fighting       | 4 5 6 7 10 12 14 16 | 16.0
Armour         | 2 4 5 6 7 9 10 11 | 11.0
Throwing       | 2 5 8 10 12 13 | 13.9
Evocations     | 3 7 |  7.0
Dodging        | 6 10 | 10.0

Action                     |  1- 3 |  4- 6 |  7- 9 | 10-12 | 13-15 | 16-18 || total
---------------------------+-------+-------+-------+-------+-------+-------++-------
  Melee: Spear             |   129 |   173 |       |       |       |       ||   302
         Trident           |       |    23 |   110 |       |    44 |       ||   177
         Tailslap          |       |     3 |       |    10 |    11 |     3 ||    27
         Punch             |       |       |     2 |       |     1 |       ||     3
         Halberd           |       |       |   201 |   592 |   662 |       ||  1455
         Glaive            |       |       |       |       |   415 |   465 ||   880
  Throw: Stone             |       |       |     4 |       |       |       ||     4
         Dart              |       |       |       |    10 |    40 |    30 ||    80
         Boomerang         |       |       |       |       |    62 |     6 ||    68
 Invoke: Berserk           |     1 |     3 |     7 |    12 |    11 |     5 ||    39
         Trog's Hand       |       |       |     3 |     6 |    13 |     3 ||    25
         Brothers in Arms  |       |       |       |     3 |     1 |     1 ||     5
  Evoke: Wand              |       |       |       |       |     1 |       ||     1
    Use: Scroll            |       |       |    16 |     9 |     6 |       ||    31
         Potion            |       |       |     1 |     2 |     1 |       ||     4
   Stab: Distracted        |       |       |       |       |     2 |       ||     2
 Armour: Ring mail         |     7 |       |       |       |       |       ||     7
         Plate armour      |    27 |    59 |   176 |   319 |   452 |       ||  1033
         Chain mail        |       |       |       |       |   216 |   417 ||   633
  Dodge: Dodged            |    38 |    24 |    64 |   173 |   406 |   286 ||   991
  Block: Other             |       |       |       |       |   198 |   117 ||   315
         Reflection        |       |       |       |       |     9 |     7 ||    16

Table legend: (Time is in decaauts)
 A = Elapsed time spent in this place.
 B = Non-inter-level travel time spent in this place.
 C = Inter-level travel time spent in this place.
 D = Time resting spent in this place.
 E = Time spent auto-exploring this place.
 F = Levels seen in this place.
 G = Mean time per level.
                   A        B        C        D        E       F      G
               +--------+--------+--------+--------+--------+-----+--------+
         Total |  28095 |  26445 |   1650 |   3541 |  18087 |  25 | 1123.8 |
       Dungeon |  15725 |  14736 |    989 |   1491 |  10828 |  15 | 1048.3 |
          Lair |   6310 |   6070 |    240 |    502 |   4375 |   5 | 1262.0 |
   Spider Nest |   2914 |   2780 |    134 |    852 |   1410 |   2 | 1457.0 |
  Orcish Mines |   2232 |   1947 |    285 |    255 |   1221 |   2 | 1116.0 |
      Ice Cave |    912 |    912 |      0 |    440 |    251 |   1 |  912.0 |
               +--------+--------+--------+--------+--------+-----+--------+

Top non-repeatable levels by time:
     D:5: 1929 daAuts
  Lair:3: 1633 daAuts
Spider:2: 1468 daAuts
Spider:1: 1445 daAuts
   Orc:2: 1423 daAuts
    D:14: 1417 daAuts
  Lair:1: 1286 daAuts
     D:7: 1273 daAuts
  Lair:5: 1260 daAuts
     D:8: 1250 daAuts
    D:10: 1214 daAuts
  Lair:4: 1207 daAuts
    D:15: 1137 daAuts
    D:12: 1063 daAuts
     D:9: 983 daAuts
